 Dungeon Sprint DCSS version 0.17-a0-1691-g18a3847 (webtiles) character file.

19000000 patman the Plane Walker (level 27, -99/272 (273) HPs)
             Began as a Ghoul Warper on Aug 20, 2015.
             Was the Champion of Makhleb.
             Annihilated by a fleshlord
             ... wielding a +9 great mace
              (308 damage)
             ... in the Dungeon (Sprint VIII: "Arena of Blood").
             The game lasted 00:12:24 (190 turns).

patman the Plane Walker (Ghoul Warper)               Turns: 190, Time: 00:12:25

HP:   -99/272 (273) AC:  6    Str: 19    XL:     27
MP:   52/53         EV: 27    Int:  8    God:    Makhleb [******]
Gold: 0             SH:  0    Dex: 17    Spells: 1 memorised, 79 levels left

rFire  + . .     SeeInvis +     l - +∞ Axe of Woe
rCold  + . .     Clarity  .     b - +0 leather armour
rNeg   + + +     SustAt   .     (no shield)
rPois  ∞         Gourm    .     (no helmet)
rElec  .         Spirit   .     (no cloak)
rCorr  .         Warding  .     (no gloves)
rMut   .         NoTele   +     (no boots)
MR     ++...                    (no amulet)
Stlth  +++.......               n - ring of protection from fire
                                m - ring of see invisible

@: very slightly contaminated, rotting, hasted and slowed, very resistant to
hostile enchantments, fairly stealthy
A: rotting body, claws 1, carnivore 3, cold resistance 1, negative energy
resistance 3, slow healing 1, torment resistance, unbreathing
a: Minor Destruction, Lesser Servant of Makhleb, Major Destruction, Greater
Servant of Makhleb, Renounce Religion
0: Orb of Zot


You were in the Dungeon.
You worshipped Makhleb.
Makhleb was exalted by your worship.
You were not hungry.

You visited 1 branch

Inventory:

Hand weapons
 a - a +0 hand axe
 l - the +∞ Axe of Woe (weapon)
   (You found it in the Dungeon)
Missiles
 e - 5 tomahawks of dispersal (quivered)
Armour
 b - a +0 leather armour (worn)
Jewellery
 m - a ring of see invisible (left claw)
 n - a ring of protection from fire (right claw)
Scrolls
 d - a scroll of blinking
Potions
 j - 2 potions of magic
 k - a potion of berserk rage
Books
 c - a book of Spatial Translocations

   Spells                             Type                      Level
   a - Apportation                    Translocation                1
   b - Blink                          Translocation                2
   c - Shroud of Golubria             Charms/Translocation         2
   d - Portal Projectile              Translocation                3
   e - Teleport Other                 Translocation                3
   f - Passage of Golubria            Translocation                4
Comestibles
 f - a meat ration


   Skills:
 O Level 27 Fighting
 O Level 27 Axes
 O Level 27 Throwing
 O Level 27 Armour
 O Level 27 Dodging
 O Level 27 Stealth
 O Level 27 Unarmed Combat
 O Level 27 Spellcasting
 O Level 27 Translocations
 O Level 27 Invocations


You had 79 spell levels left.
You knew the following spells:

 Your Spells              Type           Power        Failure   Level  Hunger
a - Apportation           Tloc           ######....   0%          1    None


Dungeon Overview and Level Annotations

Branches:
Dungeon (1/1)

Altars:
Makhleb


Innate Abilities, Weirdness & Mutations

Your body is rotting away.
You thrive on raw meat.
You are immune to poison.
You have sharp fingernails.
You are carnivorous and can eat meat at any time.
Your flesh is cold resistant.
You are immune to negative energy.
You heal slowly when monsters are visible.
You are immune to unholy pain and torment.
You can survive without breathing.


Message History

You kill the fleshlord!
Makhleb accepts your kill.
You slice the dread!!
You fatally mangle the dread.
You destroy the dread!
Makhleb accepts your kill.
You hear a shout! x2
The observer gazes at you. Something smites you!
You hear a shout! x3
The fleshlord gestures at you while chanting.
You feel as though you will be slow longer.
You hear a shout!
You convulse!
The fleshlord points at you and mumbles some strange words.
You barely resist.
A hydra and an ogre come into view.
You hear a shout! x6
The fleshlord hits you with a +9 great mace!!!!!!
Ouch! That really hurt!
You die...

......................
Do..................#
#o..W...#...%%%...... .#..
#.......#...........#
..M&.###)).....###..........
...ooo.oO)###.W))S.%......##
..#z..Dop)G_W)))))%%.%..))).
#z.....D#...).#.....%%#%#).%
..W.zOG.#_p@._#.pX...%%)))§)
#...p...#..)..#.W.%..#%#)#.§
..#o..o...._)......%...)))..
.o..O.p...###))....%.)#)#)#.
.WL.###...%.))###...O)))...
#....)p)#..%.))))....
.#....).)#....))).....
.G..%.))....).))).....
..%...%§)...)#)))#....


You could see 2 eight-headed meat hydras, 2 observers, a scourge, 4 fleshlords,
a wretched soul (invisible), a dread, 2 meat berserkers and 7 bags of meat.

Vanquished Creatures
  Dispater (D)
  Sigmund (D)
  16 hell beasts (D)
  13 greater mummies (D)
  107 orcs (D)
  9 phantoms (D)
  12 hill giants (D)
  10 skeletal warriors (D)
  9 great orbs of eyes (D)
  16 hell knights (D)
  10 sea snakes (D)
  12 wraiths (D)
  Edmund (D)
  12 large abominations (D)
  16 small abominations (D)
  17 crawling corpses (D)
  16 vampire knights (D)
  53 ogres (D)
  7 liches (D)
  10 hydras (D)
348 creatures vanquished.

Vanquished Creatures (others)
  2 small abominations (D)
  7 crawling corpses (D)
  A fulminant prism (D)
10 creatures vanquished.

Grand Total: 358 creatures vanquished

Notes
Turn   | Place    | Note
--------------------------------------------------------------
     0 | D        | patman the Ghoul Warper began the quest for the Orb.
     0 | D        | Reached XP level 1. HP: 17/17 MP: 2/2
     4 | D        | Noticed a bag of meat
     4 | D        | Became a worshipper of Makhleb the Destroyer
     5 | D        | Noticed a meat berserker
     5 | D        | Noticed a bag of meat
     7 | D        | Noticed a bag of meat
     7 | D        | Noticed a meat berserker
     8 | D        | Noticed a bag of meat
     8 | D        | Killed a bag of meat
     8 | D        | Reached skill level 15 in Axes
     8 | D        | Reached skill level 15 in Translocations
     8 | D        | Reached XP level 2. HP: 24/24 MP: 2/16
     8 | D        | Reached XP level 3. HP: 29/29 MP: 2/17
     8 | D        | Reached XP level 4. HP: 36/36 MP: 2/19
     8 | D        | Reached XP level 5. HP: 41/41 MP: 2/20
     8 | D        | Reached XP level 6. HP: 48/48 MP: 2/22
     8 | D        | Reached XP level 7. HP: 55/55 MP: 2/23
     8 | D        | Reached XP level 8. HP: 61/61 MP: 2/25
     8 | D        | Reached XP level 9. HP: 67/67 MP: 2/26
     8 | D        | Reached XP level 10. HP: 73/73 MP: 2/27
     8 | D        | Reached XP level 11. HP: 79/79 MP: 2/28
     8 | D        | Reached XP level 12. HP: 85/85 MP: 2/29
     9 | D        | Noticed a bag of meat
     9 | D        | Noticed a bag of meat
     9 | D        | Noticed a bag of meat
     9 | D        | Noticed a bag of meat
     9 | D        | Noticed a bag of meat
     9 | D        | Noticed a bag of meat
     9 | D        | Noticed a bag of meat
     9 | D        | Killed a bag of meat
     9 | D        | Acquired Makhleb's first power
     9 | D        | Reached skill level 17 in Axes
     9 | D        | Reached skill level 19 in Translocations
     9 | D        | Reached XP level 13. HP: 67/91 MP: 2/30
     9 | D        | Killed a meat berserker
     9 | D        | Reached skill level 20 in Axes
     9 | D        | Reached skill level 23 in Translocations
     9 | D        | Reached XP level 14. HP: 72/99 MP: 2/31
     9 | D        | Noticed a bag of meat
     9 | D        | Noticed a bag of meat
    10 | D        | Noticed a bag of meat
    10 | D        | Killed a meat berserker
    10 | D        | Acquired Makhleb's second power
    10 | D        | Reached skill level 27 in Translocations
    10 | D        | Reached XP level 15. HP: 94/104 MP: 2/32
    11 | D        | Noticed a meat berserker
    11 | D        | Noticed a meat berserker
    12 | D        | Noticed a bag of meat
    12 | D        | Killed a bag of meat
    12 | D        | Reached XP level 16. HP: 111/111 MP: 3/33
    12 | D        | Killed a bag of meat
    12 | D        | Acquired Makhleb's third power
    12 | D        | Killed a bag of meat
    12 | D        | Reached skill level 27 in Axes
    12 | D        | Noticed a bag of meat
    12 | D        | Noticed a bag of meat
    13 | D        | Killed a bag of meat
    13 | D        | Reached XP level 17. HP: 150/168 MP: 3/34
    14 | D        | Killed a meat berserker
    14 | D        | Acquired Makhleb's fourth power
    14 | D        | Killed a bag of meat
    14 | D        | Reached skill level 27 in Fighting
    14 | D        | Reached XP level 18. HP: 198/200 MP: 3/35
    14 | D        | Killed a bag of meat
    14 | D        | Killed a bag of meat
    14 | D        | Acquired Makhleb's fifth power
    15 | D        | Noticed a meat berserker
    15 | D        | Noticed a meat berserker
    16 | D        | Noticed a bag of meat
    16 | D        | Killed a bag of meat
    16 | D        | Killed a bag of meat
    16 | D        | Reached XP level 19. HP: 207/207 MP: 3/36
    16 | D        | Killed a bag of meat
    16 | D        | Reached skill level 27 in Dodging
    17 | D        | Noticed a meat berserker
    17 | D        | Noticed a meat berserker
    17 | D        | Noticed a bag of meat
    18 | D        | Noticed a meat berserker
    18 | D        | Noticed a bag of meat
    18 | D        | Killed a bag of meat
    18 | D        | Killed a bag of meat
    18 | D        | Killed a bag of meat
    18 | D        | Killed a meat berserker
    18 | D        | Reached skill level 27 in Stealth
    18 | D        | Reached XP level 20. HP: 216/216 MP: 4/37
    20 | D        | Noticed a bag of meat
    20 | D        | Killed a meat berserker
    20 | D        | Killed a meat berserker
    20 | D        | Reached skill level 27 in Armour
    20 | D        | Reached skill level 10 in Throwing
    20 | D        | Reached XP level 21. HP: 224/224 MP: 4/38
    21 | D        | Killed a bag of meat
    21 | D        | Killed a bag of meat
    22 | D        | Noticed a bag of meat
    22 | D        | Noticed a destroyer
    23 | D        | Noticed a bag of meat
    23 | D        | Killed a meat berserker
    23 | D        | Killed a meat berserker
    23 | D        | Reached skill level 27 in Throwing
    23 | D        | Reached XP level 22. HP: 233/233 MP: 5/39
    23 | D        | Killed a bag of meat
    24 | D        | Noticed a destroyer
    24 | D        | Noticed a large bag of meat
    25 | D        | Noticed a bag of meat
    25 | D        | Noticed a bag of meat
    25 | D        | Killed a bag of meat
    25 | D        | Killed a bag of meat
    25 | D        | Reached skill level 27 in Invocations
    25 | D        | Reached skill level 15 in Spellcasting
    26 | D        | Noticed a large bag of meat
    26 | D        | Killed a meat berserker
    26 | D        | Reached XP level 23. HP: 240/240 MP: 6/47
    27 | D        | Noticed a bag of meat
    27 | D        | Noticed a bag of meat
    27 | D        | Killed a bag of meat
    29 | D        | Killed a large bag of meat
    29 | D        | Killed a destroyer
    29 | D        | Reached skill level 27 in Spellcasting
    30 | D        | Noticed a meat berserker
    31 | D        | Noticed a bag of meat
    31 | D        | Killed a bag of meat
    31 | D        | Killed a bag of meat
    31 | D        | Reached XP level 24. HP: 249/249 MP: 7/53
    33 | D        | Noticed a meat berserker
    33 | D        | Noticed a sculptor of flesh
    35 | D        | Noticed a large bag of meat
    35 | D        | Killed a bag of meat
    35 | D        | Reached skill level 27 in Unarmed Combat
    35 | D        | Killed a bag of meat
    35 | D        | Killed a bag of meat
    36 | D        | Noticed a bag of meat
    36 | D        | Noticed a bag of meat
    36 | D        | Noticed a bag of meat
    36 | D        | Noticed a bag of meat
    37 | D        | Noticed a bag of meat
    37 | D        | Killed a bag of meat
    37 | D        | Killed a large bag of meat
    37 | D        | Killed a meat berserker
    37 | D        | Reached XP level 25. HP: 241/257 MP: 7/53
    37 | D        | Killed a bag of meat
    38 | D        | Noticed a bag of meat
    40 | D        | Noticed a bag of meat
    41 | D        | Noticed a meat berserker
    41 | D        | Noticed a meat berserker
    41 | D        | Noticed a bag of meat
    42 | D        | Noticed a bag of meat
    42 | D        | Noticed a meat berserker
    42 | D        | Noticed a bag of meat
    42 | D        | Noticed a meat berserker
    43 | D        | Noticed a bag of meat
    43 | D        | Killed a destroyer
    43 | D        | Killed a meat berserker
    44 | D        | Killed a meat berserker
    44 | D        | Killed a meat berserker
    44 | D        | Reached XP level 26. HP: 266/266 MP: 10/53
    44 | D        | Killed a bag of meat
    45 | D        | Noticed a bag of meat
    45 | D        | Noticed a destroyer
    45 | D        | Noticed a bag of meat
    45 | D        | Noticed a destroyer
    45 | D        | Noticed a meat berserker
    46 | D        | Noticed a bag of meat
    46 | D        | Noticed a bag of meat
    46 | D        | Noticed a large bag of meat
    46 | D        | Killed a meat berserker
    46 | D        | Killed a meat berserker
    47 | D        | Noticed a meat berserker
    47 | D        | Noticed a meat berserker
    47 | D        | Noticed a bag of meat
    47 | D        | Noticed a bag of meat
    47 | D        | Noticed a bag of meat
    48 | D        | Noticed a bag of meat
    48 | D        | Noticed a bag of meat
    48 | D        | Noticed a bag of meat
    48 | D        | Noticed a bag of meat
    48 | D        | Noticed a destroyer
    48 | D        | Noticed a destroyer
    48 | D        | Killed a bag of meat
    48 | D        | Killed a bag of meat
    48 | D        | Reached XP level 27. HP: 273/273 MP: 11/53
    48 | D        | Killed a bag of meat
    48 | D        | Killed a bag of meat
    49 | D        | Noticed a bag of meat
    49 | D        | Noticed a sculptor of flesh
    49 | D        | Killed a meat berserker
    49 | D        | Killed a bag of meat
    49 | D        | Killed a bag of meat
    50 | D        | Noticed a meat berserker
    50 | D        | Killed a meat berserker
    50 | D        | Killed a bag of meat
    50 | D        | Killed a destroyer
    51 | D        | Noticed a sculptor of flesh
    51 | D        | Killed a destroyer
    51 | D        | Killed a destroyer
    52 | D        | Noticed a destroyer
    52 | D        | Noticed a bag of meat
    52 | D        | Noticed a destroyer
    52 | D        | Killed a bag of meat
    52 | D        | Killed a meat berserker
    53 | D        | Noticed a meat berserker
    54 | D        | Noticed an accursed
    54 | D        | Noticed a destroyer
    54 | D        | Noticed a destroyer
    54 | D        | Killed a bag of meat
    54 | D        | Killed a bag of meat
    54 | D        | Killed a bag of meat
    54 | D        | Killed a bag of meat
    55 | D        | Killed a bag of meat
    56 | D        | Killed a destroyer
    56 | D        | Killed a large bag of meat
    56 | D        | Killed a destroyer
    56 | D        | Killed a bag of meat
    56 | D        | Killed a bag of meat
    57 | D        | Killed a meat berserker
    57 | D        | Killed a bag of meat
    57 | D        | Killed a destroyer
    58 | D        | Noticed a meat berserker
    58 | D        | Noticed a bag of meat
    58 | D        | Noticed a meat berserker
    58 | D        | Noticed a large bag of meat
    58 | D        | Killed a bag of meat
    58 | D        | Killed a bag of meat
    59 | D        | Noticed a bag of meat
    59 | D        | Noticed a meat berserker
    59 | D        | Killed a meat berserker
    59 | D        | Killed a destroyer
    59 | D        | Killed a sculptor of flesh
    59 | D        | Killed a large bag of meat
    59 | D        | Killed a sculptor of flesh
    59 | D        | Killed a meat berserker
    60 | D        | Noticed a bag of meat
    60 | D        | Noticed a bag of meat
    60 | D        | Noticed a bag of meat
    60 | D        | Noticed a destroyer
    61 | D        | Noticed a tyrant
    61 | D        | Noticed a bag of meat
    61 | D        | Killed a bag of meat
    61 | D        | Killed a sculptor of flesh
    61 | D        | Killed a bag of meat
    63 | D        | Killed a bag of meat
    63 | D        | Killed a meat berserker
    63 | D        | Killed a meat berserker
    63 | D        | Killed a bag of meat
    64 | D        | Noticed a bag of meat
    64 | D        | Noticed a meat berserker
    64 | D        | Noticed a bag of meat
    64 | D        | Noticed an accursed
    65 | D        | Noticed a meat berserker
    65 | D        | Noticed a bag of meat
    65 | D        | Noticed a bag of meat
    65 | D        | Noticed a dread
    65 | D        | Killed an accursed
    65 | D        | Killed a bag of meat
    66 | D        | Noticed a large bag of meat
    66 | D        | Noticed a meat beast
    66 | D        | Killed a bag of meat
    66 | D        | Killed a bag of meat
    67 | D        | Noticed a meat berserker
    67 | D        | Noticed a bag of meat
    67 | D        | Noticed a bag of meat
    67 | D        | Noticed a bag of meat
    67 | D        | Noticed a bag of meat
    67 | D        | Noticed a bag of meat
    67 | D        | Noticed a bag of meat
    67 | D        | Noticed a large bag of meat
    67 | D        | Noticed a large bag of meat
    68 | D        | Noticed a bag of meat
    68 | D        | Noticed a bag of meat
    68 | D        | Killed an accursed
    68 | D        | Killed a destroyer
    69 | D        | Noticed a bag of meat
    69 | D        | Noticed a bag of meat
    69 | D        | Noticed a meat berserker
    69 | D        | Killed a meat berserker
    69 | D        | Killed a meat beast
    69 | D        | Killed a bag of meat
    69 | D        | Killed a bag of meat
    70 | D        | Noticed a bag of meat
    70 | D        | Noticed a meat berserker
    70 | D        | Noticed a bag of meat
    70 | D        | Killed a meat berserker
    70 | D        | Killed a bag of meat
    71 | D        | Noticed a dread
    71 | D        | Killed a large bag of meat
    71 | D        | Killed a bag of meat
    72 | D        | Noticed a bag of meat
    72 | D        | Noticed a meat berserker
    72 | D        | Killed a tyrant
    72 | D        | Killed a bag of meat
    72 | D        | Killed a meat berserker
    73 | D        | Noticed a large bag of meat
    73 | D        | Noticed a tyrant
    73 | D        | Noticed a large bag of meat
    73 | D        | Killed a bag of meat
    74 | D        | Noticed a bag of meat
    74 | D        | Noticed a bag of meat
    74 | D        | Noticed a meat berserker
    74 | D        | Noticed a meat berserker
    74 | D        | Noticed a bag of meat
    74 | D        | Noticed a bag of meat
    74 | D        | Noticed a meat berserker
    74 | D        | Noticed a bag of meat
    74 | D        | Noticed a bag of meat
    75 | D        | Noticed a bag of meat
    75 | D        | Noticed an accursed
    75 | D        | Killed a large bag of meat
    75 | D        | Killed a dread
    75 | D        | Killed a bag of meat
    75 | D        | Killed a bag of meat
    76 | D        | Noticed a meat berserker
    76 | D        | Noticed a meat beast
    76 | D        | Noticed a destroyer
    76 | D        | Killed a bag of meat
    76 | D        | Killed a large bag of meat
    76 | D        | Killed a bag of meat
    76 | D        | Killed a meat berserker
    77 | D        | Noticed a tyrant
    77 | D        | Noticed a meat berserker
    77 | D        | Killed a meat berserker
    77 | D        | Killed a dread
    77 | D        | Killed a bag of meat
    78 | D        | Noticed a bag of meat
    78 | D        | Noticed a bag of meat
    78 | D        | Noticed a meat beast
    78 | D        | Noticed a bag of meat
    78 | D        | Killed a bag of meat
    78 | D        | Killed a meat berserker
    78 | D        | Killed a meat berserker
    79 | D        | Killed a bag of meat
    79 | D        | Killed a bag of meat
    79 | D        | Killed a destroyer
    79 | D        | Killed a bag of meat
    80 | D        | Noticed a dread
    80 | D        | Noticed a dread
    80 | D        | Noticed a meat beast
    80 | D        | Killed a large bag of meat
    80 | D        | Killed a meat beast
    80 | D        | Killed a bag of meat
    80 | D        | Noticed a meat beast
    81 | D        | Noticed a wretched soul
    81 | D        | Killed a meat berserker
    81 | D        | Killed a bag of meat
    81 | D        | Killed a meat berserker
    81 | D        | Killed a bag of meat
    82 | D        | Noticed a bag of meat
    82 | D        | Noticed a meat beast
    82 | D        | Noticed a meat berserker
    82 | D        | Killed a bag of meat
    82 | D        | Killed a meat beast
    82 | D        | Killed a meat beast
    83 | D        | Noticed a bag of meat
    84 | D        | Noticed a wretched soul
    84 | D        | Noticed a bag of meat
    84 | D        | Killed a destroyer
    84 | D        | Killed a meat berserker
    84 | D        | Killed a large bag of meat
    84 | D        | Killed a bag of meat
    85 | D        | Noticed a bag of meat
    85 | D        | Noticed a bag of meat
    85 | D        | Killed a meat beast
    85 | D        | Killed a meat berserker
    85 | D        | Killed a bag of meat
    85 | D        | Killed a bag of meat
    86 | D        | Killed a bag of meat
    86 | D        | Killed a bag of meat
    86 | D        | Killed a bag of meat
    86 | D        | Killed a meat beast
    87 | D        | Noticed a wretched soul
    87 | D        | Noticed a bag of meat
    88 | D        | Killed a tyrant
    88 | D        | Killed an accursed
    88 | D        | Killed a meat berserker
    89 | D        | Noticed a large bag of meat
    92 | D        | Noticed a bag of meat
    92 | D        | Noticed an accursed
    92 | D        | Killed a dread
    92 | D        | Killed a bag of meat
    92 | D        | Killed a tyrant
    92 | D        | Killed a bag of meat
    92 | D        | Killed a bag of meat
    92 | D        | Killed a large bag of meat
    93 | D        | Killed a bag of meat
    93 | D        | Killed a large bag of meat
    93 | D        | Killed a bag of meat
    93 | D        | Killed a wretched soul
    94 | D        | Killed a bag of meat
    94 | D        | Killed a bag of meat
    94 | D        | Killed a wretched soul
    95 | D        | Noticed a meat beast
    96 | D        | Killed a bag of meat
    96 | D        | Killed a bag of meat
    96 | D        | Killed a bag of meat
    97 | D        | Killed a bag of meat
    98 | D        | Noticed a meat berserker
    98 | D        | Killed an accursed
    99 | D        | Noticed an observer
    99 | D        | Noticed an observer
    99 | D        | Killed a dread
   100 | D        | Noticed a meat beast
   100 | D        | Killed a meat beast
   100 | D        | Killed a wretched soul
   101 | D        | Noticed an accursed
   101 | D        | Noticed The Defiler
   101 | D        | Noticed a tyrant
   102 | D        | Noticed a meat beast
   102 | D        | Noticed an observer
   102 | D        | Killed a bag of meat
   102 | D        | Killed a meat beast
   103 | D        | Noticed a dread
   104 | D        | Killed a meat berserker
   104 | D        | Killed a meat beast
   104 | D        | Noticed a tyrant
   105 | D        | Noticed an accursed
   105 | D        | Noticed an accursed
   105 | D        | Noticed a large bag of meat
   107 | D        | Killed an observer
   107 | D        | Killed an observer
   108 | D        | Killed an accursed
   108 | D        | Killed an observer
   108 | D        | Killed a tyrant
   108 | D        | Killed a dread
   111 | D        | Noticed a dread
   111 | D        | Noticed a tyrant
   113 | D        | Noticed an observer
   115 | D        | Noticed a wretched soul
   115 | D        | Noticed a dread
   116 | D        | Noticed a meat berserker
   116 | D        | Killed a tyrant
   116 | D        | Killed a bag of meat
   117 | D        | Noticed an accursed
   117 | D        | Killed a tyrant
   118 | D        | Noticed a tyrant
   118 | D        | Noticed a destroyer
   119 | D        | Killed a meat berserker
   119 | D        | Killed an accursed
   121 | D        | Noticed a fleshlord
   121 | D        | Killed The Defiler
   121 | D        | Killed a fleshlord
   123 | D        | Killed a large bag of meat
   123 | D        | Killed a wretched soul
   124 | D        | Killed an accursed
   125 | D        | Noticed an accursed
   126 | D        | Killed a dread
   127 | D        | Noticed a fleshlord
   127 | D        | Killed a dread
   128 | D        | Killed a destroyer
   129 | D        | Noticed a fleshlord
   129 | D        | Killed a tyrant
   130 | D        | Noticed an accursed
   130 | D        | Killed an accursed
   131 | D        | Killed a fleshlord
   132 | D        | Noticed a meat berserker
   132 | D        | Noticed a fleshlord
   132 | D        | Killed a fleshlord
   133 | D        | Noticed a fleshlord
   133 | D        | Killed a meat berserker
   135 | D        | Noticed a fleshlord
   135 | D        | Noticed a dread
   135 | D        | Noticed a meat berserker
   135 | D        | Noticed a fleshlord
   136 | D        | Noticed a fleshlord
   137 | D        | Noticed a meat berserker
   137 | D        | Killed a meat berserker
   137 | D        | Killed a fleshlord
   138 | D        | Noticed an observer
   138 | D        | Killed an accursed
   138 | D        | Noticed a fleshlord
   139 | D        | Noticed an observer
   139 | D        | Noticed a sculptor of flesh
   139 | D        | Killed a meat berserker
   139 | D        | Killed a fleshlord
   140 | D        | Killed a fleshlord
   140 | D        | Killed an observer
   141 | D        | Noticed a bag of meat
   141 | D        | Noticed a destroyer
   141 | D        | Killed a fleshlord
   142 | D        | Noticed a fleshlord
   142 | D        | Killed an accursed
   142 | D        | Killed a destroyer
   143 | D        | Noticed a meat berserker
   144 | D        | Noticed an observer
   144 | D        | Killed an observer
   145 | D        | Noticed a meat beast
   145 | D        | Killed a fleshlord
   146 | D        | Killed a meat berserker
   146 | D        | Killed a fleshlord
   147 | D        | Noticed a meat berserker
   147 | D        | Killed a bag of meat
   148 | D        | Killed a fleshlord
   149 | D        | Noticed a destroyer
   149 | D        | Killed a meat beast
   149 | D        | Killed an observer
   150 | D        | Noticed a bag of meat
   150 | D        | Noticed a meat berserker
   150 | D        | Noticed an accursed
   151 | D        | Noticed a meat beast
   151 | D        | Noticed an accursed
   151 | D        | Killed a meat berserker
   153 | D        | Noticed a meat berserker
   153 | D        | Noticed a fleshlord
   153 | D        | Noticed a dread
   153 | D        | Killed a sculptor of flesh
   154 | D        | Noticed a meat beast
   154 | D        | Noticed a dread
   154 | D        | Killed a destroyer
   154 | D        | Killed a meat berserker
   155 | D        | Noticed a bag of meat
   155 | D        | Noticed a bag of meat
   155 | D        | Noticed a wretched soul
   155 | D        | Noticed a sculptor of flesh
   155 | D        | Noticed an accursed
   155 | D        | Noticed a meat berserker
   156 | D        | Noticed a sculptor of flesh
   156 | D        | Noticed a sculptor of flesh
   156 | D        | Killed a meat beast
   157 | D        | Noticed a meat berserker
   157 | D        | Noticed a sculptor of flesh
   157 | D        | Noticed a meat berserker
   157 | D        | Noticed a sculptor of flesh
   158 | D        | Noticed a bag of meat
   158 | D        | Killed a meat beast
   158 | D        | Killed a meat berserker
   158 | D        | Noticed a bag of meat
   159 | D        | Killed a meat berserker
   159 | D        | Killed a fleshlord
   160 | D        | Noticed a bag of meat
   160 | D        | Killed a meat berserker
   160 | D        | Killed a bag of meat
   160 | D        | Killed a dread
   160 | D        | Noticed a meat beast
   160 | D        | Noticed a bag of meat
   161 | D        | Killed an observer
   162 | D        | Noticed a wretched soul
   162 | D        | Noticed an observer
   162 | D        | Noticed a wretched soul
   162 | D        | Killed a wretched soul
   163 | D        | Killed a meat berserker
   163 | D        | Killed a dread
   164 | D        | Killed a meat beast
   164 | D        | Killed an accursed
   164 | D        | Killed a bag of meat
   165 | D        | Noticed a meat berserker
   165 | D        | Noticed a fleshlord
   165 | D        | Killed a sculptor of flesh
   165 | D        | Killed a sculptor of flesh
   166 | D        | Killed a bag of meat
   167 | D        | Noticed a fleshlord
   167 | D        | Noticed a sculptor of flesh
   168 | D        | Noticed a wretched soul
   168 | D        | Noticed a fleshlord
   168 | D        | Killed a wretched soul
   168 | D        | Killed a bag of meat
   169 | D        | Noticed a meat berserker
   169 | D        | Killed a meat berserker
   169 | D        | Killed a sculptor of flesh
   169 | D        | Killed an observer
   170 | D        | Killed a bag of meat
   170 | D        | Killed a bag of meat
   170 | D        | Killed an accursed
   171 | D        | Noticed a meat berserker
   171 | D        | Noticed a meat berserker
   172 | D        | Killed a fleshlord
   172 | D        | Killed a fleshlord
   173 | D        | Noticed a bag of meat
   173 | D        | Noticed a bag of meat
   173 | D        | Killed an accursed
   173 | D        | Killed a wretched soul
   173 | D        | Noticed a bag of meat
   174 | D        | Noticed a dread
   174 | D        | Killed a fleshlord
   174 | D        | Killed a sculptor of flesh
   174 | D        | Noticed a bag of meat
   175 | D        | Noticed a bag of meat
   175 | D        | Noticed a bag of meat
   175 | D        | Killed a meat berserker
   175 | D        | Killed a meat berserker
   175 | D        | Killed a meat berserker
   176 | D        | Noticed a dread
   176 | D        | Noticed a wretched soul
   176 | D        | Noticed The Meatlord
   176 | D        | Noticed a wretched soul
   176 | D        | Noticed a bag of meat
   176 | D        | Noticed a bag of meat
   176 | D        | Noticed an eight-headed meat hydra
   176 | D        | Noticed a meat berserker
   176 | D        | Noticed a wretched soul
   176 | D        | Noticed an eight-headed meat hydra
   177 | D        | Noticed a bag of meat
   177 | D        | Noticed a bag of meat
   177 | D        | Noticed a bag of meat
   177 | D        | Noticed a meat beast
   177 | D        | Killed The Meatlord
   177 | D        | Killed a bag of meat
   177 | D        | Killed a bag of meat
   177 | D        | Killed a bag of meat
   177 | D        | Noticed a meat beast
   177 | D        | Noticed a fleshlord
   178 | D        | Noticed a destroyer
   178 | D        | Noticed The Captor
   178 | D        | Noticed a fleshlord
   178 | D        | Noticed a dread
   178 | D        | Noticed a sculptor of flesh
   178 | D        | Noticed a sculptor of flesh
   179 | D        | Noticed a bag of meat
   179 | D        | Noticed an observer
   179 | D        | Noticed a dread
   179 | D        | Killed a meat beast
   179 | D        | Killed a bag of meat
   179 | D        | Killed a wretched soul
   179 | D        | Killed a dread
   181 | D        | Noticed an observer
   181 | D        | Noticed an observer
   181 | D        | Killed a meat beast
   181 | D        | Killed a bag of meat
   181 | D        | Killed a bag of meat
   181 | D        | Killed a bag of meat
   181 | D        | Killed a sculptor of flesh
   181 | D        | Killed a meat berserker
   182 | D        | Noticed a fleshlord
   182 | D        | Noticed a wretched soul
   182 | D        | Noticed Jesago the pandemonium lord
   182 | D        | Got the Orb of Zot
   183 | D        | Noticed a fleshlord
   183 | D        | Noticed a sculptor of flesh
   183 | D        | Noticed a meat berserker
   183 | D        | Noticed a bag of meat
   183 | D        | Noticed a meat berserker
   183 | D        | Noticed a bag of meat
   183 | D        | Noticed a fleshlord
   183 | D        | Killed a destroyer
   183 | D        | Killed a dread
   183 | D        | Killed The Captor
   184 | D        | Killed a bag of meat
   184 | D        | Killed a sculptor of flesh
   185 | D        | Noticed a fleshlord
   185 | D        | Noticed a bag of meat
   185 | D        | Noticed a meat berserker
   185 | D        | Noticed a bag of meat
   186 | D        | Noticed a bag of meat
   186 | D        | Noticed an accursed
   186 | D        | Noticed a meat beast
   186 | D        | Killed a wretched soul
   186 | D        | Killed a fleshlord
   186 | D        | Killed an observer
   187 | D        | Noticed a dread
   188 | D        | Noticed a fleshlord
   188 | D        | Noticed a tyrant
   189 | D        | Killed a meat berserker
   189 | D        | Killed a meat beast
   189 | D        | Killed a fleshlord
   189 | D        | Killed a dread
   190 | D        | Noticed a meat berserker
   190 | D        | Annihilated by a fleshlord

Vault maps used:
D:        meatsprint

Action                   |  1- 3 |  4- 6 |  7- 9 | 10-12 | 13-15 | 16-18 | 19-21 | 22-24 | 25-27 || total
-------------------------+-------+-------+-------+-------+-------+-------+-------+-------+-------++-------
Melee: Executioner's axe |     1 |       |       |     1 |     2 |     3 |     4 |     7 |   105 ||   123
 Cast: Apportation       |       |       |       |       |       |       |       |     1 |     2 ||     3
  Use: Potion            |       |       |       |       |       |       |       |       |     3 ||     3
       Scroll            |       |       |       |       |       |       |       |       |     1 ||     1
